Selects Airborne Battlegroup
Selects Airborne Battlegroup
Selects Heavy Machine Gun Paradrop
Heavy Machine Gun Paradrop
Heavy Machine Gun Paradrop
Heavy Machine Gun Paradrop
Heavy Machine Gun Paradrop
Selects Paratrooper Squad Paradrop
Paratrooper Squad Paradrop
Heavy Machine Gun Paradrop
Construct Weapon Support Center
Paratrooper Squad Paradrop
Paratrooper Squad Paradrop
Selects Anti-tank Gun Team Paradrop
Selects Smoke Bombing Run
Paratrooper Squad Paradrop
Paratrooper Squad Paradrop